 Dungeon Crawl Stone Soup version 0.27-a0-1555-g0e7b3fb1d2 (webtiles) character file.

Game seed: 6022759652657263906

169 Sin92 the Skirmisher (level 5, -2/41 HPs)
             Began as a Demonspawn Fighter on July 14, 2021.
             Slain by a kobold brigand (6 damage)
             ... in a sewer.
             The game lasted 00:02:59 (1584 turns).

Sin92 the Skirmisher (Demonspawn Fighter)           Turns: 1584, Time: 00:03:01

Health: -2/41      AC:  9    Str: 16    XL:     5   Next: 25%
Magic:  5/5        EV:  5    Int:  9    God:
Gold:   36         SH:  9    Dex: 14    Spells: 4/4 levels left

rFire    . . .     SeeInvis .   a - +0 war axe
rCold    . . .     Faith    .   c - +0 kite shield
rNeg     . . .     Spirit   .   g - +0 chain mail
rPois    .         Reflect  .   (helmet restricted)
rElec    .         Harm     .   (no cloak)
rCorr    .         Rampage  .   (no gloves)
Will     .....                  (no boots)
Stlth    ..........             (no amulet)
HPRegen  0.13/turn              (no ring)
MPRegen  0.09/turn              (no ring)

@: flying
A: antennae 1, claws 2
a: no special abilities


You were in a sewer.
You visited 1 branch of the dungeon, and saw 4 of its levels.
You also visited: Sewer.

You collected 36 gold pieces.

Inventory:

Hand Weapons
 a - a +0 war axe (weapon)
Missiles
 j - 3 curare-tipped darts (quivered)
Armour
 b - a +0 scale mail
 c - a +0 kite shield (worn)
 f - a +0 helmet
 g - a +0 chain mail (worn)
Jewellery
 h - a ring of positive energy
 i - a ring of ice


   Skills:
 + Level 3.5 Fighting
 * Level 3.2 Axes
 + Level 3.3 Armour
 + Level 1.5 Dodging
 + Level 3.3 Shields


You had 4 spell levels left.
You didn't know any spells.
Your spell library was empty.

Dungeon Overview and Level Annotations

Branches:
Dungeon (4/15)              Sewer (1/1)
 Temple: D:4-7

Altars:

Shops:
D:4 (


Innate Abilities, Weirdness & Mutations

You have a pair of small antennae on your head.
You have very sharp fingernails.


Message History

* * * LOW HITPOINT WARNING * * *
Your unstable footing causes you to fumble your attack.
The kobold brigand hits you with a +0 dagger.
* * * LOW HITPOINT WARNING * * *
Unknown command.
You barely miss the kobold brigand.
The kobold brigand splashes around in the water. x2
You hit the kobold brigand but do no damage.
The kobold brigand hits you with a +0 dagger.
* * * LOW HITPOINT WARNING * * *
The kobold brigand hits you with a +0 dagger.
* * * LOW HITPOINT WARNING * * *
The kobold brigand splashes around in the water.
Items here: ( ))) †.
You miss the kobold brigand.
The kobold brigand hits you with a +0 dagger.
* * * LOW HITPOINT WARNING * * *
Unknown command.
You hit the kobold brigand but do no damage.
The kobold brigand splashes around in the water. x2
It was a potion of magic.
Magic courses through your body.
The kobold brigand splashes around in the water.
It was a potion of flight.
You feel very buoyant.
You fly up into the air.
The kobold brigand hits you with a +0 dagger.
* * * LOW HITPOINT WARNING * * *
You aren't carrying any scrolls.
Okay, then.
Sorry, you're not good enough to have a special ability.
You closely miss the kobold brigand.
The kobold brigand splashes around in the water.
You barely miss the kobold brigand. The kobold brigand barely misses you.
You block the kobold brigand's attack.
You closely miss the kobold brigand.
The kobold brigand hits you but does no damage.
Unknown command.
You closely miss the kobold brigand.
The kobold brigand hits you with a +0 dagger.
You die...

.## ...## .... ...
####.#### #..≈....#
#≈.≈≈≈≈.# #.≈≈≈≈≈≈#
#@K≈≈≈≈≈# #≈≈≈≈≈≈≈#
#≈≈≈≈≈≈.# #≈.≈≈≈≈.#
################.≈≈≈≈..#
≈≈≈≈≈≈≈≈≈≈≈≈≈≈≈≈≈≈≈≈≈..#
################.≈≈≈≈≈.#
##≈≈≈≈.## #.≈≈≈.#


You could see a kobold brigand.

Vanquished Creatures
  A necrophage (D:4)
  A hound skeleton (D:4)
  Robin (D:2)
  A river rat (Sewer)
  2 worms (D:3)
  A dart slug (D:1)
  4 endoplasms (D:1)
  2 giant cockroaches
  5 hobgoblins
  5 jackals
  6 kobolds
  A quokka (D:1)
  A ball python (D:2)
  3 bats (D:1)
  A frilled lizard (D:1)
  11 goblins
  6 rats
52 creatures vanquished.

Notes
Turn   | Place    | Note
-------+----------+-------------------------------------------
     0 | D:1      | Sin92 the Demonspawn Fighter began the quest for the Orb.
     0 | D:1      | Reached XP level 1. HP: 18/18 MP: 1/1
   282 | D:1      | Gained mutation: You have sharp fingernails. [demonic
                  | ancestry]
   282 | D:1      | Reached XP level 2. HP: 19/24 MP: 2/2
   488 | D:1      | Found a faded altar of an unknown god.
   982 | D:2      | Noticed Robin
   995 | D:2      | Gained mutation: You have very sharp fingernails. [demonic
                  | ancestry]
   995 | D:2      | Reached XP level 3. HP: 17/29 MP: 3/3
  1003 | D:2      | Killed Robin
  1299 | D:2      | Reached skill level 1 in Dodging
  1299 | D:2      | You fall into a shaft and drop 2 floors!
  1299 | D:4      | Noticed a necrophage
  1306 | D:4      | Killed a necrophage
  1307 | D:4      | Reached XP level 4. HP: 30/35 MP: 4/4
  1317 | D:4      | Gained mutation: You have a pair of small antennae on your
                  | head. [demonic ancestry]
  1317 | D:4      | Reached XP level 5. HP: 25/41 MP: 5/5
  1319 | D:4      | Found Taogu's Antique Weapon Emporium.
  1448 | D:3      | Found a glowing drain.
  1478 | Sewer    | Entered a sewer
  1584 | Sewer    | Slain by a kobold brigand

Illustrated notes

Levels and vault maps discovered:
D:1:      lightli_arrival_windingriver, layout_basic,
          dilly_ecumenical_altar_fadedgnrine
D:2:      layout_basic, minmay_vboxes, uniq_robin
D:3:      layout_basic, lemuel_crystal_altar, cheibrodos_sewer_entry_bend,
          serial_shops, shop
D:4:      layout_cave_pools, serial_shops, nicolae_shop_trees
Sewer:    sewer_kobolds

Skill      XL: |  1  2  3 |
---------------+----------+-----
Axes           | 2 3 |  3.2
Shields        | 3 |  3.3
Armour         | 3 |  3.3
Dodging        | 1 |  1.5
Fighting       | |  3.5

Action                   |  1- 3 |  4- 6 || total
-------------------------+-------+-------++-------
Melee: War axe           |    80 |    66 ||   146
  Use: Potion            |     3 |     2 ||     5
       Scroll            |     1 |     1 ||     2
Armor: Scale mail        |    18 |       ||    18
       Chain mail        |    35 |    30 ||    65
Dodge: Dodged            |    20 |    16 ||    36
Block: Kite shield       |    51 |    36 ||    87

Table legend: (Time is in decaauts)
 A = Elapsed time spent in this place.
 B = Non-inter-level travel time spent in this place.
 C = Inter-level travel time spent in this place.
 D = Time resting spent in this place.
 E = Time spent auto-exploring this place.
 F = Levels seen in this place.
 G = Mean time per level.
                   A        B        C        D        E       F      G
               +--------+--------+--------+--------+--------+-----+--------+
         Total |   1702 |   1673 |     29 |      0 |   1077 |   5 |  340.4 |
       Dungeon |   1551 |   1522 |     29 |      0 |   1077 |   4 |  387.8 |
         Sewer |    150 |    150 |      0 |      0 |      0 |   1 |  150.0 |
               +--------+--------+--------+--------+--------+-----+--------+

Top non-repeatable levels by time:
     D:1: 1007 daAuts
     D:2: 340 daAuts
   Sewer: 150 daAuts
     D:3: 124 daAuts
     D:4: 79 daAuts
